 Dungeon Crawl Stone Soup version 0.26-b1-32-g5d43845318 (webtiles) character file.

Game seed: 15827403412078439455

15849 Borgoz the Basher (level 12, -1/76 HPs)
             Began as a Gargoyle Gladiator on Jan 10, 2021.
             Slain by a cyclops (14 damage)
             ... on level 11 of the Dungeon.
             The game lasted 00:20:53 (11586 turns).

Borgoz the Basher (Gargoyle Gladiator)             Turns: 11586, Time: 00:20:54

Health: -1/76      AC: 29    Str: 19    XL:     12   Next: 31%
Magic:  0/12       EV: 16    Int: 12    God:
Gold:   590        SH:  0    Dex: 15    Spells: 11/11 levels left

rFire    + . .     SeeInvis .   t - +2 morningstar
rCold    + . .     Faith    .   (no shield)
rNeg     + . .     Spirit   +   y - +2 scale mail {rF+}
rPois    ∞         Reflect  .   r - +4 helmet of the Komodo Dragon {-Cast Int+3 Stlth+}
rElec    +         Harm     .   b - +2 cloak {Stlth+}
rCorr    .         Rampage  .   u - +0 pair of gloves
Will     .....     NoCast   +   (no boots)
Stlth    +.........             j - amulet of guardian spirit
HPRegen  0.22/turn              x - ring of protection from cold
MPRegen  0.13/turn              (no ring)

@: no status effects
A: negative energy resistance 1, electricity resistance, unbreathing,
petrification resistance, miasma immunity, AC +8
a: no special abilities


You were on level 11 of the Dungeon.
You visited 2 branches of the dungeon, and saw 12 of its levels.
You also visited: Bailey.

You collected 873 gold pieces.
You spent 283 gold pieces at shops.

Inventory:

Hand Weapons
 t - a +2 morningstar (weapon)
Armour
 b - a +2 cloak of stealth (worn)
 f - a +1 hat
 o - a +2 chain mail of cold resistance
 r - the +4 helmet of the Komodo Dragon (worn) {-Cast Int+3 Stlth+}
   (You took it off Robin on level 3 of the Dungeon)

   It affects your intelligence (+3).
   It prevents spellcasting.
   It makes you more stealthy.
 u - a +0 pair of gloves (worn)
 y - a +2 scale mail of fire resistance (worn)
 z - a +1 crystal plate armour
Jewellery
 i - an uncursed amulet of reflection
 j - an amulet of guardian spirit (around neck)
 x - a ring of protection from cold (left hand)
Wands
 c - a wand of polymorph (7)
 l - a wand of flame (5)
Scrolls
 a - 2 scrolls of remove curse
 e - 4 scrolls of teleportation
 g - 5 scrolls of enchant armour
 m - a scroll of identify
 q - 2 scrolls of amnesia {unknown}
 v - 3 scrolls of blinking
 w - a scroll of fog {unknown}
 A - a scroll of enchant weapon {unknown}
Potions
 n - 2 potions of haste {unknown}
 p - 2 potions of flight
 s - a potion of magic
 C - 2 potions of might
 E - a potion of cancellation


   Skills:
 + Level 9.2 Fighting
 * Level 11.7 Maces & Flails
 - Level 1.7 Throwing
 + Level 8.7 Armour
 * Level 10.0 Dodging


You had 11 spell levels left.
You didn't know any spells.
Your spell library contained the following spells:

 Spells                   Type           Power        Failure   Level
 Beastly Appendage        Tmut           0%           63%         1
 Magic Dart               Conj           0%           63%         1
 Searing Ray              Conj           0%           77%         2
 Wereblood                Tmut           0%           77%         2
 Dazzling Flash           Conj/Hex       0%           94%         3
 Spider Form              Tmut/Pois      0%           94%         3
 Fulminant Prism          Conj/Hex       0%           100%        4
 Ice Form                 Ice/Tmut       0%           100%        4
 Iskenderun's Mystic Bla  Conj/Tloc      0%           100%        4
 Blade Hands              Tmut           0%           100%        5


Dungeon Overview and Level Annotations

Branches:
Dungeon (11/15)            Temple (1/1) D:4            Lair (0/6) D:10
    Orc (0/2) D:10         Bailey (visited)

Altars:
Ashenzari
Cheibriados
Dithmenos
Elyvilon
Fedhas
Gozag
Hepliaklqana
Kikubaaqudgha
Makhleb
Nemelex Xobeh
Okawaru
Qazlal
Ru
Sif Muna
Trog
Uskayaw
Vehumet
Wu Jian
Xom
Yredelemnul
Zin
The Shining One
Beogh

Shops:
D:4 *   D:5 [   D:10 ?


Innate Abilities, Weirdness & Mutations

You are resistant to torment.
Your stone body is resilient. (AC +8)
You are immune to poison.
You resist negative energy. (rN+)
You are resistant to electric shocks. (rElec)
You can survive without breathing.
You are immune to petrification.
You are immune to miasma.


Message History

No target in view!
No target in view!
A cyclops comes into view.
The cyclops throws a large rock.
The large rock hits you!!
You see here a large rock.
The cyclops throws a large rock.
The large rock closely misses you.
The cyclops throws a large rock.
The large rock hits you!!
You see here a large rock.
You are too injured to fight recklessly!
You are too injured to fight recklessly!
You are too injured to fight recklessly!
The cyclops throws a large rock.
The large rock hits you!
You see here a large rock.
You are too injured to fight recklessly!
You hit the cyclops.
The cyclops is lightly wounded.
The cyclops hits you!!
* * * LOW HITPOINT WARNING * * *
You feel better. The cyclops hits you!
You die...

..........## #...# #..#
.......).## ###...##...#
........########..........#
..........#........#.....###
......###.......####.......##
.....###..(..#### #..).......
...###......(..####......##..
..###......##..(##.......# .
.##........###.(@C...(.....#
##.....#..## ###..........##
......##### ##........##
....### #.......## ..###
#.....### <######### #.....#
..)......#### #...#.#
....).......## ##.##.#
...).>.......###


You could see a cyclops.

Vanquished Creatures
  Erolcha (D:11)
  A hydra (D:9)
  4 two-headed ogres
  A boulder beetle (D:11)
  Nergalle (D:11)
  A lindwurm (shapeshifter) (D:11)
  2 orc knights (Bailey)
  2 manticores (D:11)
  A komodo dragon (D:10)
  A centaur skeleton (D:10)
  A kobold demonologist (D:11)
  A troll (D:11)
  A hornet (D:7)
  Grinder (D:5)
  A wraith (D:11)
  A vampire (D:10)
  2 humans (D:8)
  A water moccasin (D:9)
  8 orc warriors
  4 ice beasts
  2 sky beasts
  2 eyes of draining
  A black bear (D:8)
  2 phantoms
  9 centaurs
  9 ogres
  2 big kobolds
  7 bullfrogs
  6 scorpions
  14 killer bees
  4 wights (D:9)
  A howler monkey (D:11)
  2 bullfrog zombies
  2 centaur zombies
  5 orc priests
  3 hounds
  2 jellies
  A bullfrog skeleton (D:6)
  16 orc wizards
  5 iguanas
  9 worker ants
  A killer bee zombie (D:6)
  A worker ant zombie (D:7)
  Robin (D:3)
  7 adders
  A shadow imp (D:5)
  2 ufetubi (D:7)
  3 oozes
  3 worms
  An adder skeleton (D:7)
  2 dart slugs
  9 leopard geckos
  75 orcs
  A ball python (D:4)
  4 giant cockroaches
  8 goblins
  8 hobgoblins
  4 jackals (D:1)
  17 kobolds
  2 quokkas (D:6)
  4 bats
  8 frilled lizards
  A leopard gecko zombie (D:5)
  10 rats
313 creatures vanquished.

Vanquished Creatures (others)
  8 plants (D:10)
8 creatures vanquished.

Grand Total: 321 creatures vanquished

Notes
Turn   | Place    | Note
-------+----------+-------------------------------------------
     0 | D:1      | Borgoz the Gargoyle Gladiator began the quest for the Orb.
     0 | D:1      | Reached XP level 1. HP: 12/12 MP: 1/1
    99 | D:1      | Reached XP level 2. HP: 18/18 MP: 2/2
   369 | D:1      | Reached XP level 3. HP: 19/22 MP: 3/3
   446 | D:1      | Reached skill level 1 in Armour
   996 | D:2      | Reached XP level 4. HP: 12/27 MP: 2/4
  1373 | D:2      | Found a snail-covered altar of Cheibriados.
  1517 | D:2      | You fall into a shaft and drop 1 floor!
  1605 | D:3      | Identified the +4 helmet of the Komodo Dragon {-Cast Int+3
                  | Stlth+}
  1605 | D:3      | Noticed Robin
  1615 | D:3      | Killed Robin
  1659 | D:3      | Reached skill level 4 in Maces & Flails
  1659 | D:3      | Reached XP level 5. HP: 26/32 MP: 3/5
  1811 | D:3      | Found an ornate altar of the Wu Jian Council.
  2138 | D:3      | Found a bloodstained altar of Trog.
  2138 | D:3      | Found a blossoming altar of Fedhas.
  2138 | D:3      | Found an opulent altar of Gozag.
  2138 | D:3      | Found a glowing silver altar of Zin.
  2145 | D:3      | Found a hazy altar of Hepliaklqana.
  2145 | D:3      | Found a shimmering altar of Xom.
  2524 | D:4      | Found Sittijy's Assorted Antiques.
  2547 | D:4      | Bought a scroll labelled XYNNIGI UPTUN for 29 gold pieces
  2547 | D:4      | Bought a scroll labelled POHUQAQ BOBB for 29 gold pieces
  2547 | D:4      | Bought a scroll labelled XITRENT ALEU for 29 gold pieces
  2712 | D:4      | Reached XP level 6. HP: 37/37 MP: 6/6
  2866 | D:4      | Found a staircase to the Ecumenical Temple.
  2872 | Temple   | Entered the Ecumenical Temple
  3696 | D:4      | Found a radiant altar of Vehumet.
  3755 | D:5      | Entered Level 5 of the Dungeon
  3890 | D:5      | Noticed Grinder
  3896 | D:5      | Paralysed by Grinder for 3 turns
  3902 | D:5      | Killed Grinder
  3903 | D:5      | Reached skill level 5 in Maces & Flails
  3903 | D:5      | Reached XP level 7. HP: 42/42 MP: 7/7
  4156 | D:5      | Found Olei's Antique Armour Emporium.
  4545 | D:5      | Bought a shiny scale mail for 168 gold pieces
  4580 | D:6      | Reached XP level 8. HP: 48/48 MP: 8/8
  4616 | D:6      | Reached skill level 6 in Maces & Flails
  4616 | D:6      | Reached skill level 5 in Dodging
  5066 | D:6      | Noticed a two-headed ogre
  5086 | D:6      | Killed a two-headed ogre
  5087 | D:6      | Reached skill level 5 in Fighting
  5087 | D:6      | Reached skill level 7 in Maces & Flails
  5087 | D:6      | Reached XP level 9. HP: 22/54 MP: 4/9
  5347 | D:6      | Reached skill level 5 in Armour
  5702 | D:7      | Noticed a hornet
  5727 | D:7      | Killed a hornet
  5961 | D:7      | Reached skill level 8 in Maces & Flails
  6482 | D:8      | Found an iron altar of Okawaru.
  6518 | D:8      | Reached XP level 10. HP: 55/61 MP: 8/10
  6948 | D:8      | Found a white marble altar of Elyvilon.
  7006 | D:8      | Reached skill level 9 in Maces & Flails
  7325 | D:9      | Noticed a two-headed ogre
  7340 | D:9      | Killed a two-headed ogre
  7420 | D:9      | Found a flagged portal.
  7434 | Bailey   | Entered a bailey
  7579 | Bailey   | Noticed an orc knight
  7602 | Bailey   | Noticed an orc knight
  7701 | Bailey   | Killed an orc knight
  7913 | Bailey   | Killed an orc knight
  8200 | D:9      | Reached skill level 10 in Maces & Flails
  8200 | D:9      | Reached XP level 11. HP: 62/67 MP: 9/11
  8227 | D:9      | Noticed a seven-headed hydra
  8239 | D:9      | HP: 1/67 [seven-headed hydra (7)]
  8249 | D:9      | Killed a seven-headed hydra
  9003 | D:10     | Entered Level 10 of the Dungeon
  9012 | D:10     | Found a staircase to the Lair.
  9361 | D:10     | Noticed a two-headed ogre
  9378 | D:10     | Killed a two-headed ogre
  9719 | D:10     | Found a roughly hewn altar of Beogh.
  9944 | D:10     | Noticed a two-headed ogre
  9945 | D:10     | Found Cakheq's Magic Scroll Emporium.
  9952 | D:10     | Killed a two-headed ogre
  9960 | D:10     | Bought a scroll of identify for 28 gold pieces
 10064 | D:10     | Found a staircase to the Orcish Mines.
 10297 | D:11     | Noticed a manticore
 10312 | D:11     | Killed a manticore
 10313 | D:11     | Reached skill level 11 in Maces & Flails
 10485 | D:11     | Noticed a sun demon
 10593 | D:11     | Noticed Erolcha
 10612 | D:11     | Killed Erolcha
 10648 | D:11     | Reached XP level 12. HP: 72/75 MP: 10/12
 10704 | D:11     | Noticed Nergalle
 10729 | D:11     | Killed Nergalle
 11038 | D:11     | Noticed a boulder beetle
 11110 | D:11     | Killed a boulder beetle
 11111 | D:11     | Reached skill level 10 in Dodging
 11586 | D:11     | Slain by a cyclops

Illustrated notes

Levels and vault maps discovered:
D:1:      roderic_chinese_lattice_arrival, layout_basic
D:2:      layout_basic, general_overflow_altar, minmay_close_crescents
D:3:      layout_basic, old_standard_altar, minmay_overflow_temple_hex,
          kennysheep_minor_cross, uniq_robin
D:4:      layout_basic, lemuel_crystal_altar, minmay_temple_entry_nine_rooms,
          serial_shops, shop_coins, minmay_misc_feat_ornament
D:5:      layout_loops_ring, serial_shops, shop, uniq_grinder
D:6:      layout_loops_ring, skrybe_limestone_x
D:7:      layout_basic
D:8:      layout_rooms, elyvilon_altar_1, grunt_ministairs_15,
          hangedman_abyss_or_decor_stagger, okawaru_humans
D:9:      layout_long_grid, enter_bailey_6
D:10:     layout_roguey [special_room_orc], david_lair_shrubbed, serial_shops,
          shop
D:11:     layout_cave_pods, uniq_nergalle, uniq_erolcha
Temple:   minmay_temple_forest_path

Skill      XL: |  1  2  3  4  5  6  7  8  9 10 11 12 |
---------------+-------------------------------------+-----
Armour         | 1 2 3 4 5 7 8 |  8.7
Dodging        | 3 4 6 7 8 9 10 | 10.0
Maces & Flails | 4 5 7 8 10 11 | 11.7
Fighting       | 3 4 5 6 7 8 9 |  9.2
Throwing       | |  1.7

Action                   |  1- 3 |  4- 6 |  7- 9 | 10-12 || total
-------------------------+-------+-------+-------+-------++-------
Melee: Flail             |   111 |   106 |       |       ||   217
       Mace              |       |    54 |   401 |   151 ||   606
       Morningstar       |       |       |       |   656 ||   656
Throw: Throwing net      |     2 |     2 |     3 |     2 ||     9
Evoke: Wand              |       |       |       |    39 ||    39
  Use: Scroll            |       |     4 |     4 |     9 ||    17
       Potion            |       |     1 |     1 |    15 ||    17
 Stab: Held in net/web   |     1 |       |     2 |       ||     3
       Sleeping          |       |     1 |       |       ||     1
       Paralysed         |       |       |       |     5 ||     5
Armor: Leather armour    |     9 |       |       |       ||     9
       Ring mail         |    55 |    97 |    31 |       ||   183
       Scale mail        |       |       |   201 |   454 ||   655
Dodge: Dodged            |    83 |   139 |   256 |   744 ||  1222
Block: Other             |     4 |       |       |       ||     4
